 Dungeon Crawl Stone Soup version 0.25-a0-822-g6581751b11 (webtiles) character file.

Game seed: 14668124736036396313, levelgen mode: deterministic

1386 kae the Destroyer (level 8, -7/41 HPs)
             Began as a Tengu Air Elementalist on Apr 20, 2020.
             Mangled by a wyvern skeleton (12 damage)
             ... on level 7 of the Dungeon.
             The game lasted 00:05:02 (7020 turns).

kae the Destroyer (Tengu Air Elementalist)          Turns: 7020, Time: 00:05:02

Health: -7/41      AC:  2    Str:  8    XL:     8   Next: 67%
Magic:  1/16       EV: 15    Int: 18    God:
Gold:   270        SH:  6    Dex: 15    Spells: 8/16 levels left

rFire    + . .     SeeInvis .   o - +0 war axe
rCold    . . .     Gourm    .   r - +1 buckler
rNeg     . . .     Faith    .   a - +0 robe
rPois    .         Spirit   .   (helmet restricted)
rElec    .         Reflect  .   (no cloak)
rCorr    .         Harm     .   (no gloves)
MR       .....                  (boots unavailable)
Stlth    ++........             q - amulet of the acrobat
HPRegen  0.13/turn              p - ring of protection from fire
MPRegen  0.15/turn              (no ring)

@: flying quickly and evasively, quick
A: beak, talons 3, able to fly
a: Stop Flying


You were on level 7 of the Dungeon.
You were hungry.

You visited 1 branch of the dungeon, and saw 7 of its levels.

You collected 270 gold pieces.

Inventory:

Hand Weapons
 o - a +0 war axe (weapon)
Armour
 a - a +0 robe (worn)
 r - a +1 buckler (worn)
Jewellery
 p - a ring of protection from fire (left hand)
 q - an amulet of the acrobat (around neck)
Wands
 s - a wand of paralysis (8)
 t - a wand of acid (7)
Scrolls
 e - 4 scrolls of remove curse
 f - 4 scrolls of enchant armour
 g - a scroll of fog
 h - 2 scrolls of teleportation
 j - a scroll of magic mapping
 m - a scroll of holy word {unknown}
 y - a scroll of silence {unknown}
 z - a scroll of blinking
Potions
 b - 2 potions of heal wounds
 d - a potion of stabbing
 i - a potion of degeneration
 k - a potion of mutation
 l - 4 potions of curing {unknown}
 n - a potion of resistance
 u - a potion of brilliance
 v - a potion of invisibility {unknown}
 w - 2 potions of might {unknown}
Comestibles
 c - 11 rations


   Skills:
 - Level 2.1 Dodging
 - Level 2.0 Stealth
 + Level 3.7 Shields
 + Level 4.7 Spellcasting
 * Level 8.9 Conjurations
 + Level 7.3 Air Magic


You had 8 spell levels left.
You knew the following spells:

 Your Spells              Type           Power        Failure   Level  Hunger
a - Shock                 Conj/Air       ####         1%          1    None
b - Static Discharge      Conj/Air       ####....     1%          3    ###....
c - Airstrike             Air            ####......   7%          4    ####...

Your spell library contained the following spells:

 Spells                   Type           Power        Failure   Level  Hunger
 Swiftness                Chrm/Air       ###.....     4%          2    #......
 Lightning Bolt           Conj/Air       ####......   13%         5    ######.


Dungeon Overview and Level Annotations

Branches:
Dungeon (7/15)
 Temple: D:4-7

Altars:
Dithmenos
Fedhas
Kikubaaqudgha
Makhleb
Sif Muna
Wu Jian
Xom
Yredelemnul

Shops:
D:4 =

Annotations:
D:5 exclusion: water moccasin


Innate Abilities, Weirdness & Mutations

You have a beak for a mouth.
You have claws for feet.
You can fly continuously.


Message History

The wyvern skeleton completely misses you.
Casting: Static Discharge (safe; 1% risk of failure)
Confirm with . or Enter, or press ? or * to list all spells.
The wyvern skeleton is struck by an arc of lightning!
The wyvern skeleton is heavily damaged.
You are struck by an arc of lightning.
* * * LOW HITPOINT WARNING * * *
The wyvern skeleton is struck by an arc of lightning!
The wyvern skeleton is severely damaged.
The lightning grounds out.
The wyvern skeleton closely misses you. The wyvern skeleton misses you.
The wyvern skeleton closely misses you.
Casting: Static Discharge (safe; 1% risk of failure)
Confirm with . or Enter, or press ? or * to list all spells.
Aiming: Shock (safe; 1% risk of failure)
Press: ? - help, Shift-Dir - straight line, f - wyvern skeleton
Aim: a wyvern skeleton (severely damaged)
The zap hits the wyvern skeleton!
The wyvern skeleton is almost destroyed.
The wyvern skeleton bites you!
You die...

.
....###########
.......@.......
......Z.#..####
##+#....# ...#
......# #...
##.....# ..
#.##### . #. .


You could see a wyvern skeleton.

Vanquished Creatures
  Duvessa (D:5)
  A sky beast (D:5)
  An ice beast (D:6)
  A centaur (D:6)
  A bullfrog (D:7)
  Dowan (D:5)
  A scorpion (D:4)
  A crimson imp (D:6)
  3 hounds
  A jelly (D:5)
  2 orc priests
  4 orc wizards
  A centaur skeleton (D:6)
  An iguana (D:5)
  6 worker ants
  A hound zombie (D:5)
  A mummy (D:4)
  4 gnolls (D:6)
  9 adders
  3 shadow imps
  2 adder zombies (D:5)
  4 worms (D:2)
  6 dart slugs
  3 leopard geckos (D:2)
  19 orcs
  6 giant cockroaches
  10 goblins
  7 hobgoblins
  8 jackals
  6 kobolds
  3 quokkas
  11 bats
  8 frilled lizards
  A hobgoblin zombie (D:4)
  2 jackal skeletons
  2 kobold zombies (D:4)
  A leopard gecko zombie (D:5)
  An orc zombie (D:4)
  A quokka skeleton (D:4)
  7 rats
152 creatures vanquished.

Vanquished Creatures (others)
  A withered plant (D:3)
1 creature vanquished.

Grand Total: 153 creatures vanquished

Notes
Turn   | Place    | Note
-------+----------+-------------------------------------------
     0 | D:1      | kae the Tengu Air Elementalist began the quest for the Orb.
     0 | D:1      | Reached XP level 1. HP: 10/10 MP: 4/4
     4 | D:1      | You fall into a shaft and drop 1 floor!
   135 | D:1      | Reached skill level 2 in Conjurations
   139 | D:1      | Reached XP level 2. HP: 15/15 MP: 6/6
   564 | D:1      | Reached XP level 3. HP: 18/19 MP: 5/7
   575 | D:1      | Reached skill level 3 in Conjurations
  1130 | D:2      | Reached XP level 4. HP: 16/24 MP: 0/8
  1716 | D:2      | Reached skill level 4 in Conjurations
  1767 | D:2      | Found a shimmering altar of Xom.
  1920 | D:2      | Found a blossoming altar of Fedhas.
  1973 | D:2      | Reached skill level 5 in Air Magic
  2118 | D:2      | Gained mutation: You can fly continuously. [Tengu growth]
  2118 | D:2      | Reached XP level 5. HP: 28/28 MP: 6/10
  2251 | D:3      | Learned a level 3 spell: Static Discharge
  2256 | D:3      | Learned a level 4 spell: Airstrike
  2314 | D:3      | Found an ancient bone altar of Kikubaaqudgha.
  2994 | D:3      | Reached skill level 5 in Conjurations
  3166 | D:3      | HP: 1/28 [orc wizard/magic dart (7)]
  3423 | D:4      | Reached skill level 1 in Shields
  3423 | D:4      | Reached XP level 6. HP: 32/32 MP: 5/11
  3612 | D:4      | Found Xogro's Jewellery Emporium.
  3629 | D:4      | Reached skill level 6 in Conjurations
  4149 | D:4      | Reached XP level 7. HP: 30/36 MP: 10/13
  4613 | D:4      | Found a shimmering blue altar of Sif Muna.
  4613 | D:4      | Found a shadowy altar of Dithmenos.
  4945 | D:5      | Entered Level 5 of the Dungeon
  4970 | D:5      | Found a basalt altar of Yredelemnul.
  5234 | D:5      | Found a burning altar of Makhleb.
  5449 | D:5      | Noticed Duvessa
  5529 | D:5      | Killed Duvessa
  5529 | D:5      | Reached skill level 7 in Conjurations
  5597 | D:5      | Noticed Dowan
  5605 | D:5      | Killed Dowan
  5880 | D:5      | Reached XP level 8. HP: 24/41 MP: 3/15
  6435 | D:6      | Reached skill level 8 in Conjurations
  6990 | D:6      | Found an ornate altar of the Wu Jian Council.
  7020 | D:7      | Mangled by a wyvern skeleton

Levels and vault maps discovered:
D:1:      shiori_shiawase, layout_basic
D:2:      minmay_alternating_diamond, layout_basic,
          nicolae_overflow_crystal_walls, tgw_xom, minmay_tripent
D:3:      layout_loops_ring, kiku_gazebo_garden_becter, first_ration
D:4:      layout_cave_pools, gammafunk_temple_overflow_elements, serial_shops,
          nicolae_shop_statue_plus, minmay_mini_ossuary
D:5:      layout_loops_ring, kennysheep_mini, overflow_temple_1_default,
          grunt_ministairs_11, serial_bayou_ford_a, uniq_duvessa
D:6:      layout_basic, lemuel_crystal_altar
D:7:      layout_basic, minmay_temple_entry_poolview,
          chequers_ossuary_entry_cave, serial_shops, shop,
          guppyfry_early_elven_hall

Skill      XL: |  1  2  3  4  5  6  7  8 |
---------------+-------------------------+-----
Conjurations   | 2 3 4 5 6 7 8 |  8.9
Air Magic      | 5 6 7 |  7.3
Spellcasting   | 3 4 |  4.7
Shields        | 1 2 3 |  3.7
Dodging        | |  2.1
Stealth        | |  2.0

Action                   |  1- 3 |  4- 6 |  7- 9 || total
-------------------------+-------+-------+-------++-------
Melee: Unarmed           |    44 |    30 |       ||    74
       Kick              |    11 |    10 |     6 ||    27
       Peck              |     7 |     9 |     3 ||    19
       War axe           |       |    19 |    20 ||    39
 Cast: Shock             |    54 |   147 |   155 ||   356
       Static Discharge  |       |     2 |     5 ||     7
       Airstrike         |       |       |     5 ||     5
 Abil: Fly               |       |     1 |       ||     1
  Use: Potion            |       |     2 |     1 ||     3
       Scroll            |       |       |    14 ||    14
 Stab: Sleeping          |       |     1 |       ||     1
  Eat: Chunk             |     1 |     9 |    10 ||    20
Armor: Robe              |    10 |    12 |     9 ||    31
Dodge: Dodged            |    39 |    71 |    51 ||   161
Block: Buckler           |       |     7 |    20 ||    27

Table legend:
 A = Non-vault XP
 B = Vault XP
 C = Vault XP percentage of total XP
 D = Non-vault monster count
 E = Vault monster count
 F = Vault count percentage of total count
                 A         B        C        D         E       F
            +---------+---------+-------+---------+---------+-------
      Total |    1677 |     303 |  15.3 |     131 |      21 |  13.8
            +---------+---------+-------+---------+---------+-------
        D:1 |      51 |       0 |   0.0 |      28 |       0 |   0.0
        D:2 |     100 |      20 |  16.7 |      23 |      12 |  34.3
        D:3 |     141 |       0 |   0.0 |      27 |       0 |   0.0
        D:4 |     378 |      22 |   5.5 |      19 |       5 |  20.8
        D:5 |     335 |     261 |  43.8 |      17 |       4 |  19.0
        D:6 |     540 |       0 |   0.0 |      15 |       0 |   0.0
        D:7 |     132 |       0 |   0.0 |       2 |       0 |   0.0
            +---------+---------+-------+---------+---------+-------
